 Dungeon Crawl Stone Soup version 0.21-a0-538-gd16b88a (webtiles) character file.

115119 Lavandula the Spear-Bearer (level 16, -2/117 HPs)
             Began as a Mummy Chaos Knight on Dec 15, 2017.
             Killed from afar by a shock serpent (18 damage)
             ... with a bolt of electricity
             ... on level 1 of the Snake Pit.
             The game lasted 02:03:13 (29571 turns).

Lavandula the Spear-Bearer (Mummy Chaos Knight)    Turns: 29571, Time: 02:03:14

Health: -2/117     AC: 23    Str: 16      XL:     16   Next: 17%
Magic:  25/25      EV: 15    Int: 14 (15) God:    Xom [......]
Gold:   570        SH:  7    Dex: 14      Spells: 10/27 levels left

rFire    + . .     SeeInvis .   K - +9 dagger (elec)
rCold    . . .     Gourm    .   p - +2 buckler {reflect}
rNeg     + + +     Faith    .   b - +3 ring mail {MR+}
rPois    ∞         Spirit   .   w - +2 helmet
rElec    .         Reflect  +   s - +2 cloak {+Inv}
rCorr    .         Harm     .   e - +2 pair of gloves
MR       +++..                  u - +2 pair of boots
Stlth    ++........             i - amulet of regeneration
HPRegen  0.69/turn              F - ring of protection from fire
MPRegen  0.19/turn              D - ring of fire

@: very slightly contaminated
A: no food or potions, fire vulnerability, cold resistance 1, negative energy
resistance 3, torment resistance, unbreathing, in touch with death 1
a: Renounce Religion, Evoke Invisibility


You were on level 1 of the Snake Pit.
You worshipped Xom.
You were a very special plaything of Xom.
You were not hungry.

You visited 5 branches of the dungeon, and saw 28 of its levels.
You also visited: Labyrinth and Ice Cave.

You collected 2939 gold pieces.
You spent 2369 gold pieces at shops.

Inventory:

Hand Weapons
 d - a +0 blowgun
 I - the +8 rapier of Qitevia {chaos, rElec rF+ rN+ Str+2 Int-5}
   (Xom gifted it to you on level 9 of the Dungeon)

   Each time it hits an enemy it has a different, random effect.
   It affects your strength (+2).
   It affects your intelligence (-5).
   It protects you from fire.
   It insulates you from electricity.
   It protects you from negative energy.
 K - a +9 dagger of electrocution (weapon)
Missiles
 g - 7 curare-tipped needles
 y - 44 tomahawks
 L - 23 javelins (quivered)
Armour
 b - a +3 ring mail of magic resistance (worn)
 e - a +2 pair of gloves (worn)
 p - a +2 buckler of reflection (worn)
 s - a +2 cloak of invisibility (worn)
 u - a +2 pair of boots (worn)
 w - a +2 helmet (worn)
Magical Staves
 a - an uncursed staff of air
 R - an uncursed staff of fire
Jewellery
 i - an amulet of regeneration (around neck)
 l - an uncursed ring of flight
 n - an uncursed ring of see invisible
 D - a ring of fire (right hand)
 E - a +4 ring of intelligence
 F - a ring of protection from fire (left hand)
Wands
 f - a wand of flame (54)
 h - a wand of paralysis (34)
 q - a wand of disintegration (30)
 C - a wand of polymorph (43)
Scrolls
 c - 16 scrolls of teleportation
 j - 7 scrolls of magic mapping
 k - a scroll of blinking
 m - 8 scrolls of remove curse
 r - 2 scrolls of torment
 t - 2 scrolls of brand weapon
 v - 2 scrolls of fog
 x - 4 scrolls of immolation
 z - 3 scrolls of amnesia
 B - a scroll of holy word
 H - a scroll of vulnerability
 N - 4 scrolls of identify
 T - 4 scrolls of silence
 U - a scroll of fear
Books
 A - a book of Fire

   Spells                             Type                      Level
   a - Ignite Poison                  Fire/Transmutation/Poison    3
   b - Fireball                       Conjuration/Fire             5
   c - Bolt of Fire                   Conjuration/Fire             6
   d - Ring of Flames                 Charms/Fire                  7
   e - Ignition                       Fire                         8
Miscellaneous
 o - a lamp of fire (inert)
 P - 2 phantom mirrors


   Skills:
 - Level 8.2 Fighting
 - Level 10.1 Short Blades
   Level 10.3 Polearms
 - Level 5.2 Throwing
 - Level 7.4 Armour
 - Level 7.8 Dodging
 - Level 4.0 Stealth
 - Level 6.0 Shields
 - Level 6.0 Spellcasting
 + Level 5.4 Charms
 - Level 5.4 Summonings
 - Level 3.9 Necromancy
 - Level 9.6 Air Magic
 - Level 5.1 Evocations


You had 10 spell levels left.
You knew the following spells:

 Your Spells              Type           Power        Failure   Level  Hunger
a - Summon Lightning Spi  Summ/Air       ####....     12%         4    N/A
b - Animate Skeleton      Necr           N/A          5%          1    N/A
c - Call Imp              Summ           ###.....     4%          2    N/A
d - Deflect Missiles      Chrm/Air       ####......   88%         6    N/A
e - Airstrike             Air            ####......   5%          4    N/A

Dungeon Overview and Level Annotations

Branches:
Dungeon (14/15)            Temple (0/1) D:7            Lair (6/6) D:10
 Shoals (4/4) Lair:3        Snake (2/4) Lair:2        Slime (0/5) Lair:5
    Orc (2/2) D:9             Elf (0/3) Orc:2
 Vaults: D:13-14

Altars:
Ashenzari
Xom
The Shining One
Beogh
Jiyva

Shops:
D:6 (   D:8 [   D:10 *   Orc:2 }*??   Shoals:2 *

Annotations:
D:12 arkorax's ghost, journeyman FoFi
Lair:6 exclusion: 4 oklob plants
Shoals:4 Polyphemus
Snake:1 Aizul


Innate Abilities, Weirdness & Mutations

You do not eat or drink.
Your flesh is vulnerable to fire.
You are immune to poison.
Your flesh is cold resistant. (rC+)
You are immune to negative energy. (rN+++)
You are immune to unholy pain and torment.
You can survive without breathing.
You are in touch with the powers of death.


Message History

The shock serpent's electric aura discharges, shocking you! "Hum-dee-hum-dee-hum..."
Aizul seems to grow stronger.
Your black mamba skeleton closely misses the shock serpent.
Aizul hits you!
The shock serpent bites you but does no damage.
Your black mamba skeleton bites the shock serpent!
The shock serpent's electric aura discharges, shocking your black mamba skeleton!
Aizul says, "Feeling sleepy?"
Aizul hits you!!
Unknown command.
The shock serpent shoots out a bolt of lightning at you!
The bolt of electricity hits you!
* * * LOW HITPOINT WARNING * * *
Your black mamba skeleton bites the shock serpent!
The shock serpent's electric aura discharges, shocking your black mamba skeleton!
The shock serpent shoots out a bolt of lightning at you!
The bolt of electricity hits you!
You die...
Xom cackles wildly!

#....###.......#...♣...# #### #
#.........######......[### #
####..%.....## ##...###..(.#####
≈P##........## #...#####!).!(##.
.###.........####...# #.##.(♣.'..
..#|...........#...####..###..#..
≈.....####....##...#.....###.##..
....### #######..###.....##.....
....# #Z@.###..##.....### ....#
####SS.##..######### # #..##
##..#...#..## # ##.#
##...#####.## ##### ### #....#
#.## ###.... #.##.# ##.##
##...... ##.##.# #..####..#####
########..##.# ##.......#
##.........#..## #.......##


You could see Aizul, a shock serpent and a friendly black mamba skeleton.

Vanquished Creatures
  A shadow dragon (Lair:4)
  An orc warlord (Orc:1)
  Nessos (D:14)
  A merfolk javelineer (Shoals:2)
  A minotaur (Lab)
  3 merfolk impalers (Shoals:2)
  4 hydras
  An anaconda (Snake:1)
  A naga warrior (Snake:1)
  3 merfolk avatars
  An alligator snapping turtle (Shoals:2)
  A centaur warrior (D:14)
  3 merfolk aquamancers
  2 two-headed ogres (D:8)
  Erica (Orc:1)
  11 death yaks
  3 orc high priests (Orc:2)
  Urug (Lair:4)
  3 naga sharpshooters (Snake:1)
  Nergalle (D:10)
  An iron troll (Orc:1)
  An unseen horror (shapeshifter) (D:14)
  3 sea snakes
  2 swamp dragons
  4 orc knights
  A mana viper (Snake:1)
  3 orc sorcerers (Orc:2)
  2 ugly things (IceCv)
  8 manticores
  6 fauns
  2 cyclopes
  2 salamanders
  3 guardian serpents (Snake:1)
  The ghost of anet the Magician, a novice DEWz of Ashenzari (D:5)
  4 naga magi (Snake:1)
  A water nymph (shapeshifter) (D:14)
  2 torpor snails (Lair:6)
  7 black mambas
  3 water nymphs
  3 merfolk sirens
  9 spiny frogs
  A rime drake (Lair:1)
  3 kobold demonologists (D:13)
  An ice devil (D:12)
  6 komodo dragons
  7 trolls
  4 polar bears (Lair:6)
  7 merfolk
  10 hippogriffs
  6 hornets (Lair:6)
  5 dream sheep (Lair:4)
  A minotaur skeleton (Lab)
  29 blink frogs
  5 wind drakes
  A snapping turtle (Shoals:1)
  2 shadows (Lab)
  12 spriggans (Lair:6)
  7 water elementals
  82 yaks
  5 basilisks
  4 vampire mosquitoes (D:13)
  5 wyverns
  A steam dragon (Lair:3)
  4 hungry ghosts
  12 nagas (Snake:1)
  4 wargs
  An acid dragon (D:11)
  Duvessa (D:7)
  7 water moccasins
  7 porcupines
  6 ice beasts (IceCv)
  2 sky beasts
  3 black bears
  An eye of draining (D:13)
  28 orc warriors
  5 phantoms
  12 ogres
  3 boggarts
  33 wolves
  11 centaurs
  10 crocodiles
  4 big kobolds
  17 bullfrogs
  Dowan (D:7)
  2 wyvern skeletons
  4 scorpions
  7 wights
  2 electric eels (D:10)
  3 bullfrog zombies
  4 howler monkeys
  3 crimson imps
  3 centaur zombies
  4 jellies
  2 centaur skeletons
  21 orc priests
  Crazy Yiuf (D:5)
  A bullfrog skeleton (D:5)
  10 hounds
  Ijyb (D:5)
  5 iguanas
  22 orc wizards
  8 worker ants
  A hound skeleton (D:8)
  18 gnolls
  8 adders
  A river rat (D:2)
  3 shadow imps
  An ooze (D:1)
  An adder skeleton (D:3)
  An adder zombie (D:9)
  A worm (D:4)
  10 dart slugs
  2 leopard geckos
  59 orcs
  7 bats
  8 giant cockroaches
  A goblin (D:2)
  4 hobgoblins
  15 jackals
  6 quokkas
  3 ball pythons
  7 frilled lizards
  20 kobolds
  A leopard gecko skeleton (D:4)
  12 rats
  A fungus (D:5)
  A plant (Lair:4)
  A tentacle (Shoals:2)
784 creatures vanquished.

Vanquished Creatures (collateral kills)
  A merfolk javelineer (Shoals:2)
  A merfolk impaler (Shoals:1)
  2 merfolk avatars (Shoals:2)
  2 hydras
  2 sea snakes
  A mana viper (Shoals:3)
  4 manticores
  4 fauns
  2 merfolk sirens
  A water nymph (Shoals:1)
  A komodo dragon (Lair:3)
  A merfolk (Shoals:3)
  6 blink frogs
  A snapping turtle (Shoals:1)
  2 hippogriffs
  A water elemental (Shoals:1)
  A wyvern (Lair:6)
  3 spriggans
  3 yaks
  A basilisk (Lair:6)
  A naga (Snake:1)
  A porcupine (Lair:3)
  A bullfrog (Lair:1)
  An orc (Orc:2)
  A fungus (Lair:3)
  4 plants
49 creatures vanquished.

Vanquished Creatures (others)
  A naga warrior (Snake:1)
  A satyr (Shoals:2)
  A black mamba (Snake:1)
  A dream sheep (Lair:6)
  A yak (Lair:6)
  A wolf (Lair:3)
  An orc (Orc:2)
  2 bushes (Lair:4)
  22 fungi
  33 plants
  38 tentacles (Shoals:2)
102 creatures vanquished.

Grand Total: 935 creatures vanquished

Notes
Turn   | Place    | Note
-------+----------+-------------------------------------------
     0 | D:1      | Lavandula the Mummy Chaos Knight began the quest for the Orb.
     0 | D:1      | Reached XP level 1. HP: 18/18 MP: 1/1
   398 | D:1      | XOM: potion effect (haste)
   444 | D:1      | Reached XP level 2. HP: 23/24 MP: 2/2
   749 | D:1      | XOM is BORED!
   821 | D:2      | XOM: confuse monster(s)
   844 | D:2      | XOM: god gift: 63 gold pieces
   855 | D:2      | Reached XP level 3. HP: 25/29 MP: 3/3
   858 | D:2      | XOM: enchant monster (good)
   862 | D:2      | XOM: cast spell 'Summon Butterflies'
   893 | D:1      | XOM: smoke on damage
   943 | D:2      | XOM: polymorph goblin -> dart slug
   970 | D:2      | Noticed a scorpion
   978 | D:2      | Reached XP level 4. HP: 33/35 MP: 4/4
  1102 | D:2      | XOM: 1-stop teleportation journey
  1170 | D:2      | XOM: polymorph leopard gecko -> river rat
  1264 | D:3      | Reached XP level 5. HP: 32/41 MP: 5/5
  1477 | D:3      | Reached skill level 5 in Short Blades
  1631 | D:3      | XOM: medium Erth miscast
  1693 | D:3      | Found a glowing golden altar of the Shining One.
  1725 | D:3      | XOM: medium Tmut miscast
  1978 | D:3      | XOM: harmless Summ miscast
  2141 | D:4      | XOM: harmless Air miscast
  2308 | D:4      | Reached XP level 6. HP: 46/47 MP: 6/6
  2397 | D:4      | XOM: enchant monster (bad)
  2511 | D:4      | XOM: divination: detect creatures
  2653 | D:4      | XOM: cloud trail
  2663 | D:4      | XOM: god gift: scroll of enchant weapon
  2876 | D:5      | Entered Level 5 of the Dungeon
  2893 | D:5      | Noticed Ijyb
  2909 | D:5      | Killed Ijyb
  2910 | D:5      | XOM: potion effect (agility)
  3027 | D:5      | XOM: harmless Erth miscast
  3063 | D:5      | XOM: divination: detect items
  3078 | D:5      | Found a runed door.
  3082 | D:5      | Noticed Crazy Yiuf
  3084 | D:5      | Killed Crazy Yiuf
  3158 | D:5      | Noticed anet's ghost (novice DEWz)
  3166 | D:5      | XOM: confuse monster(s)
  3177 | D:5      | Killed anet's ghost
  3177 | D:5      | Reached XP level 7. HP: 51/52 MP: 7/7
  3195 | D:5      | XOM: harmless Pois miscast
  3234 | D:5      | XOM: scenery: create altars
  3246 | D:5      | XOM: mild Necr miscast
  3284 | D:5      | XOM: noise
  3314 | D:5      | XOM: summons 3 hostile shadow creatures
  3372 | D:5      | XOM: 5-stop teleportation journey
  3440 | D:5      | XOM: swap monsters
  3554 | D:5      | XOM: enchant monster (bad)
  3566 | D:5      | Reached XP level 8. HP: 56/58 MP: 8/8
  3566 | D:5      | XOM: cast spell 'Summon Small Mammal'
  3578 | D:5      | XOM: smoke on damage
  3625 | D:5      | XOM: enchant monster (bad)
  3646 | D:5      | Learned a level 4 spell: Summon Lightning Spire
  3799 | D:5      | Reached skill level 1 in Dodging
  3832 | D:5      | XOM: god gift: 4 meat rations
  3984 | D:6      | XOM: cleaving
  4061 | D:6      | XOM: harmless Tmut miscast
  4171 | D:6      | XOM: confusion (+ monsters)
  4270 | D:6      | Found Ufuczoz's Weapon Shoppe.
  4493 | D:6      | XOM: blink monster(s)
  4501 | D:6      | XOM: enchant monster (good)
  4527 | D:6      | Reached skill level 1 in Polearms
  4570 | D:6      | XOM: scenery: create altars
  4582 | D:6      | XOM: enchant monster (good)
  4585 | D:6      | XOM: summons friendly white imp
  4615 | D:6      | XOM: scenery: create altars
  4683 | D:6      | Learned a level 1 spell: Animate Skeleton
  4688 | D:6      | XOM: stat loss: -1 Str (15/16)
  5045 | D:7      | XOM: summons friendly crimson imp
  5070 | D:6      | XOM: scenery: create altars
  5071 | D:6      | XOM: butterfly on damage
  5074 | D:6      | Reached XP level 9. HP: 33/66 MP: 9/9
  5154 | D:6      | XOM: summons 4 hostile demons
  5171 | D:7      | Found a shattered altar of Ashenzari.
  5244 | D:7      | Found a staircase to the Ecumenical Temple.
  5309 | D:7      | Got an ichor-stained hand axe
  5310 | D:7      | Identified the +4 hand axe of Pride {venom, Str-2 Int+4 Dex+4} (You found it on level 7 of the Dungeon)
  5416 | D:7      | Reached skill level 5 in Polearms
  5498 | D:7      | XOM: medium Ice miscast
  5618 | D:7      | XOM: fog
  5734 | D:7      | Noticed Duvessa
  5734 | D:7      | Noticed Dowan
  5748 | D:7      | Killed Duvessa
  5752 | D:7      | Killed Dowan
  5947 | D:8      | XOM: scenery: create altars
  5981 | D:8      | Noticed a two-headed ogre
  5981 | D:8      | Noticed a two-headed ogre
  6026 | D:8      | XOM: harmless Erth miscast
  6089 | D:8      | XOM: divination: detect creatures
  6093 | D:8      | XOM: harmless Erth miscast
  6099 | D:8      | XOM: swap monsters
  6107 | D:8      | Killed a two-headed ogre
  6113 | D:8      | Reached XP level 10. HP: 54/73 MP: 10/10
  6273 | D:8      | Found Faohiv's Armour Boutique.
  6444 | D:8      | XOM: smoke on damage
  6522 | D:8      | XOM: cast spell 'Shadow Creatures'
  6539 | D:8      | XOM: cleaving
  6546 | D:8      | XOM: summons friendly ufetubus
  6551 | D:8      | Killed a two-headed ogre
  6629 | D:9      | XOM: god gift: thick jewelled staff {god gift}
  6632 | D:9      | XOM: scenery: 1 doors close
  6636 | D:9      | XOM: summons 2 friendly demons
  6711 | D:9      | Found a staircase to the Orcish Mines.
  6717 | D:9      | XOM: potion effect (might)
  6718 | D:9      | XOM: cast spell 'Alistair's Intoxication'
  6720 | D:9      | XOM: enchant monster (good)
  6729 | D:9      | XOM: divination: magic mapping
  6735 | D:9      | XOM: enchant monster (good)
  6807 | D:9      | Reached skill level 10 in Polearms
  6916 | D:9      | XOM: confuse monster(s)
  6919 | D:9      | XOM: divination: detect creatures
  6920 | D:9      | XOM: polymorph hippogriff -> troll
  6928 | D:9      | XOM: god gift: crystal rapier {god gift}
  7054 | D:9      | Got a crystal rapier {god gift}
  7055 | D:9      | Identified the +8 rapier of Qitevia {chaos, rElec rF+ rN+ Str+2 Int-5} (Xom gifted it to you on level 9 of the Dungeon)
  7419 | D:9      | XOM: medium Fire miscast
  7439 | D:10     | Entered Level 10 of the Dungeon
  7475 | D:10     | XOM: harmless Necr miscast
  7513 | D:10     | Noticed Nergalle
  7529 | D:10     | XOM: confusion
  7537 | D:10     | XOM: severe Tmut miscast
  7547 | D:10     | Killed Nergalle
  7584 | D:10     | XOM: mild Hex miscast
  7669 | D:10     | XOM: noise
  7732 | D:10     | Found Zeareiku's Assorted Antiques.
  7743 | D:10     | Bought a scroll labeled PEZIDE LAFOU for 29 gold pieces
  7779 | D:10     | Reached XP level 11. HP: 63/78 MP: 11/11
  7807 | D:10     | XOM: confuse monster(s)
  7961 | D:10     | Found a staircase to the Lair.
  7996 | D:10     | XOM: cloud trail
  8322 | D:10     | XOM: noise
  8573 | D:11     | Reached skill level 5 in Shields
  8602 | D:11     | XOM: swap monsters
  8736 | D:11     | Noticed a seven-headed hydra
  8831 | D:11     | XOM: mild Tmut miscast
  8847 | D:11     | XOM: harmless Tmut miscast
  8859 | D:11     | XOM: destruction
  8862 | D:11     | XOM: confuse monster(s)
  8872 | D:11     | XOM: harmless Pois miscast
  8874 | D:11     | Killed a seven-headed hydra
  8991 | D:11     | XOM: harmless Pois miscast
  8993 | D:11     | XOM: blink monster(s)
  9168 | D:11     | XOM: potion effect (invisibility)
  9172 | D:11     | XOM: noise
  9173 | D:11     | XOM: confuse monster(s)
  9677 | D:12     | Noticed arkorax's ghost (journeyman FoFi)
  9702 | D:12     | Found a frozen archway.
  9758 | IceCv    | Entered an ice cave
  9758 | IceCv    | Noticed a white ugly thing
  9773 | IceCv    | Killed a white ugly thing
  9773 | IceCv    | Reached skill level 1 in Evocations
  9850 | IceCv    | Found a transporter.
  9871 | IceCv    | Noticed a white ugly thing
  9879 | IceCv    | Killed a white ugly thing
  9897 | IceCv    | XOM: divination: detect items
 10276 | D:13     | XOM: god gift: wand of flame (29)
 10361 | D:13     | XOM: harmless Tmut miscast
 10375 | D:13     | XOM: mild Chrm miscast
 10776 | D:13     | XOM: harmless Tmut miscast
 10787 | D:13     | Noticed a soul eater
 10800 | D:13     | XOM: potion effect (invisibility)
 10803 | D:13     | Reached skill level 5 in Evocations
 10859 | D:13     | XOM: silly message
 10868 | D:13     | Reached XP level 12. HP: 75/84 MP: 15/15
 10966 | D:13     | XOM: mild Pois miscast
 11050 | D:13     | XOM: divination: detect creatures
 11052 | D:13     | XOM: harmless Tloc miscast
 11063 | D:13     | Reached skill level 10 in Short Blades
 11081 | D:13     | XOM: mild Ice miscast
 11168 | D:13     | XOM: harmless Hex miscast
 11182 | D:14     | XOM: mild Necr miscast
 11206 | D:14     | XOM: summons 2 friendly demons
 11217 | D:14     | XOM: repel stairs
 11295 | D:14     | Noticed a centaur warrior
 11428 | D:14     | XOM: confuse monster(s)
 11479 | D:14     | XOM: scenery: 1 doors close
 11524 | D:14     | XOM: summons friendly ufetubus
 11530 | D:14     | XOM: destruction
 11541 | D:14     | XOM: cleaving
 11558 | D:14     | XOM: fog
 11612 | D:13     | XOM: cloud trail
 11809 | D:14     | Killed a centaur warrior
 11881 | D:14     | XOM: polymorph red ugly thing -> slime creature
 11885 | D:14     | XOM: 8-stop teleportation journey
 11886 | D:14     | Noticed Nessos
 11892 | D:14     | Killed Nessos
 11892 | D:14     | Reached skill level 5 in Dodging
 11939 | D:14     | Noticed a centaur warrior
 11947 | D:14     | XOM: summons 4 hostile shadow creatures
 12141 | D:14     | XOM: summons friendly white imp
 12285 | Lair:1   | XOM: stealth player
 12285 | Lair:1   | Entered Level 1 of the Lair of Beasts
 12303 | Lair:1   | Learned a level 2 spell: Call Imp
 12338 | Lair:1   | XOM: noise
 12384 | Lair:1   | XOM: harmless Tloc miscast
 12387 | Lair:1   | XOM: harmless Hex miscast
 12548 | Lair:1   | XOM: cleaving
 12569 | Lair:1   | XOM: mild Tmut miscast
 12577 | Lair:1   | XOM: divination: magic mapping
 12670 | Lair:1   | XOM: fog
 12686 | Lair:1   | XOM: confuse monster(s)
 12737 | Lair:1   | XOM: medium Fire miscast
 12869 | Lair:1   | XOM: potion effect (curing)
 12888 | Lair:1   | XOM: polymorph wolf -> jelly
 12890 | Lair:1   | Reached skill level 5 in Fighting
 13116 | Lair:1   | XOM: cleaving
 13119 | Lair:1   | XOM: destruction
 13130 | Lair:1   | XOM: cleaving
 13139 | Lair:1   | XOM: scenery: create altars
 13175 | Lair:1   | XOM: cloud trail
 13279 | Lair:1   | XOM: cloud trail
 13366 | Lair:1   | XOM: scenery: create altars
 13444 | Lair:2   | XOM: summons 5 friendly demons
 13603 | Lair:2   | XOM: fog
 13647 | Lair:2   | XOM: divination: detect items
 13654 | Lair:2   | Found a staircase to the Snake Pit.
 14265 | Lair:3   | Gained mutation: You are in touch with the powers of death. [Mummy growth]
 14265 | Lair:3   | Reached XP level 13. HP: 68/96 MP: 16/16
 14265 | Lair:3   | XOM: divine lightning
 14350 | Lair:3   | Found a staircase to the Shoals.
 14614 | Lair:3   | XOM: medium Necr miscast
 14703 | Lair:3   | XOM: noise
 14743 | Lair:3   | Reached skill level 1 in Necromancy
 14760 | Lair:3   | XOM: summons 6 hostile demons
 14796 | Lair:3   | XOM: noise
 14976 | Lair:3   | XOM: cloud trail
 15252 | Lair:4   | Reached skill level 1 in Spellcasting
 15253 | Lair:4   | XOM: potion effect (brilliance)
 15279 | Lair:4   | XOM: harmless Conj miscast
 15293 | Lair:4   | XOM: harmless Erth miscast
 15351 | Lair:4   | XOM: noise
 15370 | Lair:4   | Found a labyrinth entrance.
 15382 | Lab      | Entered a labyrinth
 15553 | Lab      | Reached skill level 1 in Summonings
 15800 | Lab      | XOM: butterfly on damage
 15880 | Lab      | XOM: harmless Necr miscast
 15882 | Lab      | XOM: noise
 16007 | Lab      | XOM: harmless Necr miscast
 16009 | Lab      | Noticed a minotaur
 16014 | Lab      | Killed a minotaur
 16015 | Lab      | Got a shimmering plate armour
 16015 | Lab      | Got a pitted diamond amulet
 16057 | Lab      | XOM: silly message
 16083 | Lab      | Got a warped long sword {drain}
 16087 | Lair:4   | Identified the +5 long sword of Moakked {drain, *Slow rF+++ MR+ MP+9} (You took it off a minotaur in a labyrinth)
 16116 | Lair:4   | Identified the amulet "Onoserhi" {Gourm rPois Str+2} (You found it in a labyrinth)
 16204 | Lair:4   | XOM: silly message
 16209 | Lair:4   | XOM: divine lightning
 16211 | Lair:4   | XOM: enchant monster (bad)
 16214 | Lair:4   | XOM: fake destruction
 16227 | Lair:4   | XOM: harmless Erth miscast
 16233 | Lair:4   | XOM: swap monsters
 16241 | Lair:4   | XOM: confusion (+ monsters)
 16259 | Lair:4   | XOM: swap monsters
 16335 | Lair:4   | XOM: noise
 16433 | Lair:4   | XOM: polymorph komodo dragon -> swamp dragon
 16483 | Lair:4   | XOM: stat loss: -1 Dex (13/14)
 16600 | Lair:4   | XOM: mild Erth miscast
 16603 | Lair:4   | XOM: 2-stop teleportation journey
 16908 | Lair:4   | XOM: repel stairs
 16917 | Lair:4   | XOM: harmless Tloc miscast
 16923 | Lair:4   | XOM: 4-stop teleportation journey
 16994 | Lair:4   | XOM: blink monster(s)
 17020 | Lair:4   | Noticed an azure jelly
 17020 | Lair:4   | a death yak changed into an azure jelly
 17020 | Lair:4   | XOM: polymorph death yak -> azure jelly
 17029 | Lair:4   | an azure jelly changed into an alligator snapping turtle
 17029 | Lair:4   | XOM: polymorph azure jelly -> alligator snapping turtle
 17030 | Lair:4   | XOM: repel stairs
 17046 | Lair:4   | XOM: enchant monster (bad)
 17050 | Lair:4   | XOM: chaos cloud
 17052 | Lair:4   | XOM: cast spell 'Monstrous Menagerie'
 17195 | Lair:4   | Noticed a shadow dragon
 17195 | Lair:4   | an alligator snapping turtle changed into a shadow dragon
 17195 | Lair:4   | XOM: polymorph alligator snapping turtle -> shadow dragon
 17202 | Lair:4   | XOM: confusion (+ monsters)
 17213 | Lair:4   | XOM: cleaving
 17247 | Lair:4   | Killed a shadow dragon
 17247 | Lair:4   | Reached skill level 5 in Summonings
 17419 | Lair:4   | XOM: noise
 17667 | Lair:4   | XOM: mild Conj miscast
 17723 | Lair:4   | XOM: mild Summ miscast
 17751 | Lair:4   | XOM: harmless Summ miscast
 17816 | Lair:4   | Noticed Urug
 17820 | Lair:4   | Killed Urug
 17820 | Lair:4   | Reached skill level 5 in Armour
 17990 | Lair:5   | XOM: summons 6 hostile demons
 18053 | Lair:5   | Identified the cursed +1 plate armour of the Ditch-Digger {rN+ Str+4} (You found it in a labyrinth)
 18095 | Lair:5   | Reached XP level 14. HP: 95/105 MP: 20/20
 18157 | Lair:5   | Found a viscous altar of Jiyva.
 18157 | Lair:5   | Found a staircase to the Slime Pits.
 18664 | Lair:6   | Entered Level 6 of the Lair of Beasts
 18682 | Lair:6   | XOM: cast spell 'Metabolic Englaciation'
 18732 | Lair:6   | XOM: polymorph wolf -> centaur
 18735 | Lair:6   | XOM: fake destruction
 18739 | Lair:6   | XOM: 3-stop teleportation journey
 18749 | Lair:6   | XOM: divine lightning
 18757 | Lair:6   | XOM: harmless Erth miscast
 18770 | Lair:6   | XOM: harmless Air miscast
 19035 | Lair:6   | XOM: chaos upgrade
 19171 | Lair:6   | XOM: confusion
 19214 | Lair:6   | XOM: polymorph wolf -> warg
 19228 | Lair:6   | XOM: swap monsters
 19230 | Lair:6   | XOM: potion effect (brilliance)
 19442 | Lair:6   | XOM: harmless Erth miscast
 19445 | Lair:6   | Reached skill level 1 in Throwing
 19669 | Lair:6   | XOM: confuse monster(s)
 19696 | Lair:6   | XOM: confuse monster(s)
 19697 | Lair:6   | XOM: god gift: 22 bolts
 19707 | Lair:6   | XOM: summons friendly ufetubus
 19708 | Lair:6   | XOM: divination: magic mapping
 19708 | Lair:6   | Reached skill level 5 in Throwing
 19776 | Lair:5   | XOM: god gift: royal jelly
 19784 | Lair:6   | XOM: potion effect (might)
 19787 | Lair:6   | XOM: enchant monster (good)
 19790 | Lair:6   | Reached skill level 1 in Stealth
 19900 | Lair:6   | XOM: fake destruction
 20045 | Lair:6   | XOM: enchant monster (good)
 20243 | Lair:6   | XOM is BORED!
 20243 | Lair:6   | XOM: medium Pois miscast
 20439 | Lair:6   | XOM: divination: detect items
 20447 | Lair:6   | Reached skill level 1 in Air Magic
 20788 | Lair:6   | XOM: harmless Air miscast
 21171 | Lair:1   | Learned a level 6 spell: Deflect Missiles
 21231 | Orc:1    | Entered Level 1 of the Orcish Mines
 21231 | Orc:1    | Noticed Erica
 21275 | D:8      | Bought a +3 ring mail of magic resistance for 338 gold pieces
 21275 | D:8      | Bought a +1 buckler of reflection for 175 gold pieces
 21301 | D:8      | XOM: mild Tloc miscast
 21376 | Orc:1    | Killed Erica
 21439 | Orc:1    | XOM: confusion (+ monsters)
 21486 | Orc:1    | XOM: medium Pois miscast
 21549 | Orc:1    | XOM: swap monsters
 21618 | Orc:1    | XOM: summons 2 hostile demons
 21790 | Orc:1    | Noticed an orc warlord
 21810 | Orc:1    | Reached skill level 1 in Charms
 21816 | Orc:1    | XOM: noise
 21913 | Orc:1    | Found a roughly hewn altar of Beogh.
 21922 | Orc:1    | XOM: blink monster(s)
 21928 | Orc:1    | Killed an orc warlord
 22136 | Orc:2    | Entered Level 2 of the Orcish Mines
 22223 | Orc:2    | Noticed a stone giant
 22230 | Orc:1    | XOM: cast spell 'Ring of Flames'
 22231 | Orc:1    | Reached XP level 15. HP: 110/110 MP: 21/21
 22245 | Orc:1    | XOM: polymorph stone giant -> iron troll
 22252 | Orc:1    | XOM: confuse monster(s)
 22330 | Orc:2    | XOM: mild Tmut miscast
 22361 | Orc:2    | XOM: 4-stop teleportation journey
 22385 | Orc:2    | Found a staircase to the Elven Halls.
 22508 | Orc:2    | Found a roughly hewn altar of Beogh.
 22573 | Orc:2    | XOM: confusion
 22575 | Orc:2    | XOM: confusion
 22585 | Orc:2    | XOM: smoke on damage
 22822 | Orc:2    | XOM: polymorph hellwing -> red devil
 22884 | Orc:2    | XOM: summons 7 hostile demons
 22912 | Orc:2    | XOM: cleaving
 22922 | Orc:2    | XOM: enchant monster (good)
 22992 | Orc:2    | XOM: cloud trail
 23112 | Orc:2    | XOM: harmless Pois miscast
 23146 | Orc:2    | XOM: harmless Fire miscast
 23379 | Orc:2    | Found Xeshroqibb's Gadget Shop.
 23379 | Orc:2    | Found Eruleint's Magic Scroll Shoppe.
 23392 | Orc:2    | Found Vepumev's General Store.
 23392 | Orc:2    | Found Tavumyr's Magic Scroll Shoppe.
 23403 | Orc:2    | Bought a scroll of brand weapon for 300 gold pieces
 23406 | Orc:2    | Bought a +2 helmet for 214 gold pieces
 23406 | Orc:2    | Bought a scroll of teleportation for 39 gold pieces
 23418 | Orc:2    | Bought a scroll of teleportation for 45 gold pieces
 23418 | Orc:2    | Bought a scroll of teleportation for 45 gold pieces
 23418 | Orc:2    | Bought a scroll of teleportation for 45 gold pieces
 23418 | Orc:2    | Bought a scroll of teleportation for 45 gold pieces
 23418 | Orc:2    | Bought a scroll of enchant armour for 112 gold pieces
 23418 | Orc:2    | Bought a scroll of enchant armour for 112 gold pieces
 23422 | Orc:2    | Bought a scroll of teleportation for 39 gold pieces
 23422 | Orc:2    | Bought a scroll of teleportation for 39 gold pieces
 23422 | Orc:2    | Bought a scroll of immolation for 45 gold pieces
 23422 | Orc:2    | Bought a scroll of immolation for 45 gold pieces
 23422 | Orc:2    | Bought a scroll of immolation for 45 gold pieces
 23422 | Orc:2    | Bought a scroll of immolation for 45 gold pieces
 23422 | Orc:2    | Bought a scroll of enchant armour for 97 gold pieces
 23423 | Orc:2    | Bought a scroll of enchant armour for 97 gold pieces
 23425 | Orc:2    | Bought a phantom mirror for 360 gold pieces
 23718 | Orc:2    | XOM: divination: detect creatures
 23818 | D:10     | Bought a wand of paralysis (18) for 58 gold pieces
 23874 | Lair:1   | Learned a level 4 spell: Airstrike
 23959 | Shoals:1 | Entered Level 1 of the Shoals
 23967 | Shoals:1 | XOM: potion effect (haste)
 23981 | Shoals:1 | XOM: potion effect (agility)
 24378 | Shoals:1 | Reached skill level 5 in Air Magic
 24545 | Shoals:1 | XOM: potion effect (heal wounds)
 24556 | Shoals:1 | XOM: divination: detect creatures
 24724 | Shoals:1 | XOM: god gift: meat ration
 24769 | Shoals:2 | XOM: cleaving
 24770 | Shoals:2 | XOM: blink monster(s)
 24867 | Shoals:2 | Found Fyakol's General Store.
 24889 | Shoals:1 | XOM: summons 1 hostile demon
 24956 | Shoals:2 | XOM: enchant monster (bad)
 25150 | Shoals:2 | XOM: swap monsters
 25263 | Shoals:2 | XOM: summons 4 friendly demons
 25274 | Shoals:2 | XOM: summons friendly quasit
 25353 | Shoals:2 | XOM: 2-stop teleportation journey
 25374 | Shoals:2 | XOM: smoke on damage
 25719 | Shoals:2 | Noticed a kraken
 25736 | Shoals:2 | You fall through a shaft!
 25779 | Shoals:3 | XOM: severe Conj miscast
 25785 | Shoals:3 | HP: 5/110 [water elemental (11)]
 26176 | Shoals:2 | XOM: 1-stop teleportation journey
 26258 | Shoals:2 | XOM: enchant monster (bad)
 26362 | Shoals:2 | XOM: cast spell 'Chain of Chaos'
 26364 | Shoals:2 | a kraken changed into an alligator snapping turtle
 26364 | Shoals:2 | XOM: polymorph kraken -> alligator snapping turtle
 26864 | Shoals:3 | XOM: polymorph merfolk siren -> mana viper
 26882 | Shoals:3 | XOM: blink monster(s)
 26883 | Shoals:3 | XOM: 2-stop teleportation journey
 26898 | Shoals:3 | XOM: scenery: create altars
 26932 | Shoals:3 | XOM: summons 8 friendly demons
 26991 | Shoals:3 | XOM: cast spell 'Shadow Creatures'
 27010 | Shoals:3 | XOM: scenery: create altars
 27053 | Shoals:3 | XOM: enchant monster (good)
 27193 | Shoals:4 | Entered Level 4 of the Shoals
 27198 | Shoals:4 | Noticed Polyphemus
 27311 | Snake:1  | Entered Level 1 of the Snake Pit
 27330 | Snake:1  | XOM: god gift: 14 gold pieces
 27392 | Snake:1  | XOM: scenery: create altars
 27402 | Snake:1  | XOM: divine lightning
 27407 | Snake:1  | XOM: cast spell 'Summon Small Mammal'
 27506 | Lair:2   | XOM: potion effect (heal wounds)
 27707 | Snake:1  | Reached XP level 16. HP: 117/117 MP: 22/22
 27973 | Snake:1  | XOM: harmless Conj miscast
 27986 | Snake:1  | Reached skill level 5 in Spellcasting
 27991 | Snake:1  | XOM: cast spell 'Summon Butterflies'
 28285 | Snake:1  | XOM: potion effect (might)
 28388 | Snake:1  | XOM: mild Hex miscast
 28598 | Snake:1  | XOM: divination: detect creatures
 28977 | Snake:1  | Identified the +0 leather armour of the Komodo Dragon {*Slow +Fly MR+ Dex+9} (You took it off a salamander on level 1 of the Snake Pit)
 29027 | Snake:1  | XOM: potion effect (brilliance)
 29037 | Snake:1  | Reached skill level 5 in Charms
 29049 | Snake:1  | XOM: medium Tmut miscast
 29175 | Snake:2  | XOM: stealth player
 29221 | Snake:1  | XOM: confusion
 29443 | Snake:2  | Noticed Aizul
 29455 | Snake:1  | XOM: polymorph shock serpent -> anaconda
 29458 | Snake:1  | XOM: enchant monster (bad)
 29570 | Snake:1  | XOM: enchant monster (bad)
 29571 | Snake:1  | Killed from afar by a shock serpent

Vault maps used:
D:1:      dpeg_arrival_tiny_e
D:2:      first_bread, kennysheep_generic_room_9
D:3:      kennysheep_slugbush, nicolae_tso_carved_into_rock
D:4:      hangedman_decor_growths
D:5:      uniq_ijyb, uniq_crazy_yiuf_cottage
D:6:      serial_shops, shop, kennysheep_generic_room_13
D:7:      minmay_temple_entry_poolview, grunt_ogre_cave, ashenzari_altar_1,
          uniq_duvessa
D:8:      serial_shops, nicolae_shop_waterfront
D:9:      orc_0_dummy
D:10:     erik_lair_island, serial_shops, kennysheep_little_box,
          glass_columns_b, serial_park_tiny_pond, minivault_23, uniq_nergalle
D:12:     portal_ice_cave_demonic_guard, serial_park_tiny_pond
D:14:     david_vaults_4, minmay_misc_feat_roman, uniq_nessos, uniq_rupert
Lair:1:   beast_lair_carwin_large_3
Lair:2:   dummy_snake_entry
Lair:3:   shoals_dummy_entry, beast_lair_carwin_10
Lair:4:   beast_lair_carwin_large_4, lab_entry_generic, serial_bayou_shore_a,
          uniq_urug
Lair:5:   dpeg_slime_entry_enclosed_altar, nicolae_quartered_pool_little
Lair:6:   minmay_lair_end_enchanted_forest, serial_bayou_pond_d,
          serial_bayou_pond_a, grunt_forest_stairs_basic,
          grunt_forest_small_clearings, nicolae_lair_grove_arrangements,
          st_stairs_7, minmay_lair_oklob_chamber
Shoals:1: nicolae_shoals_circle_sea_wall
Shoals:2: serial_shops, shop, st_sunken_temple
Shoals:3: cheibrodos_shoals_roost, nicolae_shoals_loop_pool
Shoals:4: shoals_end_hangedman, shoals_ilsuiw_alternative,
          nicolae_shoals_cliffside_cave, uniq_polyphemus
Snake:1:  serial_bayou_pond_c, grunt_megastairs_4
Snake:2:  nrook_guardian_serpent_snake_passage, serial_shops,
          nicolae_shop_crystal, minmay_shoptagon, uniq_aizul, uniq_donald
Orc:1:    basic_altar, uniq_erica
Orc:2:    grunt_orc_tribal_feast, david_defended_altar_orc
Lab:      nicolae_lab_dead_end, labyrinth_fake_exit, nicolae_lab_checkerboard,
          nicolae_lab_x
IceCv:    ice_cave_statue_garden_teleport

Skill      XL: |  1  2  3  4  5  6  7  8  9 10 11 12 13 14 15 16 |
---------------+-------------------------------------------------+-----
Short Blades   | 3 4 5 7 8 9 10 | 10.1
Dodging        | 2 7 |  7.8
Fighting       | 4 7 8 |  8.2
Polearms       | 4 8 10 | 10.3
Shields        | 3 6 |  6.0
Evocations     | 5 |  5.1
Necromancy     | 3 |  3.9
Spellcasting   | 4 6 |  6.0
Summonings     | 5 |  5.4
Armour         | 5 7 |  7.4
Throwing       | 5 |  5.2
Stealth        | 4 |  4.0
Air Magic      | 2 9 |  9.6
Charms         | 2 4 5 |  5.4

Action                   |  1- 3 |  4- 6 |  7- 9 | 10-12 | 13-15 | 16-18 || total
-------------------------+-------+-------+-------+-------+-------+-------++-------
Melee: Short sword       |    92 |   306 |   318 |       |       |       ||   716
       Spear             |       |       |    47 |   108 |       |       ||   155
       Hand axe          |       |       |   109 |    74 |       |       ||   183
       Rapier            |       |       |       |   153 |       |       ||   153
       Falchion          |       |       |       |     7 |       |       ||     7
       Dagger            |       |       |       |   709 |  1843 |   179 ||  2731
Throw: Tomahawk          |       |       |       |     1 |     5 |       ||     6
       Throwing net      |       |       |       |     1 |       |       ||     1
       Javelin           |       |       |       |       |     8 |     5 ||    13
 Cast: Animate Skeleton  |       |       |       |     1 |    61 |     8 ||    70
       Call Imp          |       |       |       |       |     5 |       ||     5
Evoke: Wand              |       |     4 |     7 |    26 |    51 |     1 ||    89
       Lamp of fire      |       |       |       |       |     5 |     1 ||     6
  Use: Scroll            |       |     5 |     4 |    20 |    26 |     2 ||    57
 Stab: Confused          |     1 |     4 |     3 |     2 |     3 |       ||    13
       Petrified         |     4 |       |       |     6 |     3 |       ||    13
       Sleeping          |       |     1 |       |       |     1 |       ||     2
       Paralysed         |       |     1 |       |     6 |     8 |       ||    15
       Petrifying        |       |       |       |     3 |       |       ||     3
       Invisible         |       |       |       |     9 |       |       ||     9
       Held in net/web   |       |       |       |     1 |       |       ||     1
       Distracted        |       |       |       |       |     9 |       ||     9
Armor: Leather armour    |    37 |    54 |       |       |       |       ||    91
       Scale mail        |       |    58 |   210 |   312 |   232 |       ||   812
       Ring mail         |       |       |       |       |   227 |    49 ||   276
Dodge: Dodged            |    53 |   116 |   205 |   364 |   713 |    77 ||  1528
Block: Buckler           |       |       |       |   139 |   388 |    43 ||   570
       Reflection        |       |       |       |       |    23 |     4 ||    27

Table legend:
 A = Spawn XP
 B = Non-spawn XP
 C = Spawn XP percentage of total XP
 D = Spawn monster count
 E = Non-spawn monster count
 F = Spawn count percentage of total count
 G = Total turns spent on level
                    A         B        C        D         E        F      G
               +---------+---------+-------+---------+---------+-------+---------
         Total |       0 |  164457 |   0.0 |       0 |     830 |   0.0 | 29571
               +---------+---------+-------+---------+---------+-------+---------
           D:1 |       0 |      35 |   0.0 |       0 |      11 |   0.0 |   773
           D:2 |       0 |     155 |   0.0 |       0 |      22 |   0.0 |   512
           D:3 |       0 |     139 |   0.0 |       0 |      40 |   0.0 |   808
           D:4 |       0 |     232 |   0.0 |       0 |      22 |   0.0 |   898
           D:5 |       0 |    1252 |   0.0 |       0 |      29 |   0.0 |  1109
           D:6 |       0 |     796 |   0.0 |       0 |      27 |   0.0 |   906
           D:7 |       0 |    1446 |   0.0 |       0 |      21 |   0.0 |   967
           D:8 |       0 |    2611 |   0.0 |       0 |      17 |   0.0 |   711
           D:9 |       0 |    2528 |   0.0 |       0 |      29 |   0.0 |   985
          D:10 |       0 |    3056 |   0.0 |       0 |      24 |   0.0 |  1200
          D:11 |       0 |    4423 |   0.0 |       0 |      38 |   0.0 |  1268
          D:12 |       0 |     855 |   0.0 |       0 |       6 |   0.0 |   352
          D:13 |       0 |    3860 |   0.0 |       0 |      25 |   0.0 |  1169
          D:14 |       0 |    5233 |   0.0 |       0 |      18 |   0.0 |   827
        Lair:1 |       0 |    6703 |   0.0 |       0 |      42 |   0.0 |  1240
        Lair:2 |       0 |    2864 |   0.0 |       0 |      13 |   0.0 |   875
        Lair:3 |       0 |    6327 |   0.0 |       0 |      27 |   0.0 |  1355
        Lair:4 |       0 |   18028 |   0.0 |       0 |      53 |   0.0 |  1972
        Lair:5 |       0 |    4169 |   0.0 |       0 |      18 |   0.0 |   846
        Lair:6 |       0 |   28778 |   0.0 |       0 |     118 |   0.0 |  2123
      Shoals:1 |       0 |    6840 |   0.0 |       0 |      19 |   0.0 |   931
      Shoals:2 |       0 |   15842 |   0.0 |       0 |      27 |   0.0 |  1375
      Shoals:3 |       0 |   14514 |   0.0 |       0 |      34 |   0.0 |  1001
       Snake:1 |       0 |   14163 |   0.0 |       0 |      34 |   0.0 |  2112
         Orc:1 |       0 |    7671 |   0.0 |       0 |      56 |   0.0 |  1170
         Orc:2 |       0 |    7917 |   0.0 |       0 |      46 |   0.0 |  1175
           Lab |       0 |    2185 |   0.0 |       0 |       6 |   0.0 |   704
         IceCv |       0 |    1835 |   0.0 |       0 |       8 |   0.0 |   146
               +---------+---------+-------+---------+---------+-------+---------
